 Dungeon Crawl Stone Soup version 0.26-a0-519-gb2f46efeda (webtiles) character file.

Game seed: 17933687862342726038

165 BeastOfSaturn the Chopper (level 5, -1/40 HPs)
             Began as a Demonspawn Gladiator on Aug 11, 2020.
             Killed by nerve-wracking pain
             ... invoked by an orc priest
              (11 damage)
             ... on level 3 of the Dungeon.
             The game lasted 00:04:59 (3003 turns).

BeastOfSaturn the Chopper (Demonspawn Gladiator)    Turns: 3003, Time: 00:05:00

Health: -1/40      AC: 10    Str: 14    XL:     5   Next: 21%
Magic:  5/5        EV:  7    Int: 10    God:
Gold:   69         SH:  0    Dex: 21    Spells: 4/4 levels left

rFire    . . .     SeeInvis .   a - +0 war axe
rCold    . . .     Faith    .   (no shield)
rNeg     . . .     Spirit   .   f - +0 chain mail
rPois    .         Reflect  .   c - +0 helmet
rElec    .         Harm     .   (no cloak)
rCorr    .                      (no gloves)
MR       .....                  n - +0 pair of boots
Stlth    ..........             (no amulet)
HPRegen  0.13/turn              h - ring of flight
MPRegen  0.09/turn              l - +6 ring of dexterity

@: no status effects
A: hooves 1, powered by death 1, rot immunity
a: Evoke Flight


You were on level 3 of the Dungeon.
You visited 1 branch of the dungeon, and saw 3 of its levels.

You collected 69 gold pieces.

Inventory:

Hand Weapons
 a - a +0 war axe (weapon)
Missiles
 d - 3 throwing nets (quivered)
Armour
 b - a +0 leather armour
 c - a +0 helmet (worn)
 f - a +0 chain mail (worn)
 n - a +0 pair of boots (worn)
Jewellery
 h - a ring of flight (left hand)
 l - a +6 ring of dexterity (right hand)
Scrolls
 e - 2 scrolls of remove curse
 i - a scroll of random uselessness
 k - a scroll of teleportation
Potions
 g - a potion of curing
 m - a potion of haste {unknown}


   Skills:
 * Level 2.8 Fighting
 * Level 4.4 Axes
 - Level 1.7 Throwing
 * Level 1.7 Armour
 - Level 3.0 Dodging


You had 4 spell levels left.
You didn't know any spells.
Your spell library was empty.

Dungeon Overview and Level Annotations

Branches:
Dungeon (3/15)

Altars:
Dithmenos


Innate Abilities, Weirdness & Mutations

You have large cloven feet.
You regenerate a little health from kills.
You are immune to rotting.


Message History

The orc priest is severely wounded.
The orc priest completely misses you.
You closely miss the orc priest.
The orc priest is severely wounded.
The orc priest hits you with a +0 dagger.
You barely miss the orc priest.
The orc priest is severely wounded.
The orc priest hits you but does no damage.
You closely miss the orc priest.
The orc priest is severely wounded.
The orc priest calls down the wrath of Beogh upon you.
Beogh smites you!
* * * LOW HITPOINT WARNING * * *
The orc priest hits you with a +0 dagger.
* * * LOW HITPOINT WARNING * * *
You closely miss the orc priest.
The orc priest is severely wounded.
The orc priest invokes the aid of Beogh against you.
Pain shoots through your body!
You die...

#..####
###.##ยง###
#..#
#...#..#..
#..#
#.........
#..#
######....
#..# +....
#..# #
#....
#..#####..#
#....
#..#......#
#....
#.)@o....#
#####
#..#.....[.
##.########
... ####


You could see an orc priest.

Vanquished Creatures
  Jessica (D:2)
  2 gnolls
  3 adders (D:2)
  5 dart slugs
  3 leopard geckos
  4 orcs (D:3)
  4 bats
  2 giant cockroaches
  6 goblins
  9 hobgoblins
  12 jackals
  3 quokkas
  2 ball pythons
  3 frilled lizards
  6 kobolds
  9 rats
74 creatures vanquished.

Notes
Turn   | Place    | Note
-------+----------+-------------------------------------------
     0 | D:1      | BeastOfSaturn the Demonspawn Gladiator began the quest for
                  | the Orb.
     0 | D:1      | Reached XP level 1. HP: 16/16 MP: 1/1
   355 | D:1      | Gained mutation: You have large cloven feet. [demonic
                  | ancestry]
   355 | D:1      | Reached XP level 2. HP: 22/22 MP: 2/2
   355 | D:1      | Reached skill level 3 in Axes
   515 | D:1      | Reached XP level 3. HP: 24/27 MP: 3/3
  1576 | D:2      | Reached skill level 1 in Armour
  1587 | D:2      | Gained mutation: You are immune to rotting. [demonic
                  | ancestry]
  1587 | D:2      | Reached XP level 4. HP: 33/34 MP: 4/4
  2057 | D:2      | Reached skill level 4 in Axes
  2401 | D:2      | Noticed Jessica
  2413 | D:2      | Killed Jessica
  2413 | D:2      | Gained mutation: You regenerate a little health from kills.
                  | [demonic ancestry]
  2413 | D:2      | Reached XP level 5. HP: 26/39 MP: 5/5
  2849 | D:3      | Found a shadowy altar of Dithmenos.
  3003 | D:3      | Killed from afar by an orc priest

Illustrated notes

Levels and vault maps discovered:
D:1:      scummos_arrival_star, layout_basic, chequers_serial_rivers_small_3,
          minmay_misc_feat_more_columns
D:2:      layout_basic, uniq_jessica
D:3:      layout_basic, grunt_dithmenos_smoke_and_mirrors,
          cheibrodos_ashenzari_chains, st_stairs_13, uniq_ijyb, uniq_natasha

Skill      XL: |  1  2  3  4 |
---------------+-------------+-----
Axes           | 3 4 |  4.4
Dodging        | 3 |  3.0
Armour         | 1 |  1.7
Fighting       | |  2.8
Throwing       | |  1.7

Action                   |  1- 3 |  4- 6 || total
-------------------------+-------+-------++-------
Melee: War axe           |    78 |   185 ||   263
       Kick              |    12 |     7 ||    19
  Use: Scroll            |       |     5 ||     5
Armor: Leather armour    |     6 |       ||     6
       Chain mail        |    48 |   141 ||   189
Dodge: Dodged            |    44 |    88 ||   132

Table legend: (Time is in decaauts)
 A = Elapsed time spent in this place.
 B = Non-inter-level travel time spent in this place.
 C = Inter-level travel time spent in this place.
 D = Time resting spent in this place.
 E = Time spent auto-exploring this place.
 F = Levels seen in this place.
 G = Mean time per level.
                   A        B        C        D        E       F      G
               +--------+--------+--------+--------+--------+-----+--------+
         Total |   3084 |   3025 |     59 |    140 |   2250 |   3 | 1028.0 |
       Dungeon |   3084 |   3025 |     59 |    140 |   2250 |   3 | 1028.0 |
               +--------+--------+--------+--------+--------+-----+--------+

Top non-repeatable levels by time:
     D:1: 1399 daAuts
     D:2: 1187 daAuts
     D:3: 497 daAuts
